 Dungeon Crawl Stone Soup version 0.20.1-1-g8b1a95d (webtiles) character file.

4198 Folque the Destroyer (level 10, -24/63 HPs)
             Began as an Octopode Wizard on Nov 6, 2017.
             Was a Believer of Sif Muna.
             Annihilated by an orc knight
             ... wielding a +6 glaive of protection
              (28 damage)
             ... in a bailey.
             The game lasted 00:50:59 (8428 turns).

Folque the Destroyer (Octopode Wizard)              Turns: 8428, Time: 00:51:00

Health: -24/63     AC:  2    Str:  8    XL:     10   Next: 29%
Magic:  1/21       EV: 14    Int: 25    God:    Sif Muna [**....]
Gold:   299        SH:  4    Dex: 13    Spells: 5/24 levels left

rFire    . . .     SeeInvis .   G - +11 spear of Risk Management {holy, Dex+2}
rCold    . . .     Gourm    .   (no shield)
rNeg     . . .     Faith    .   a - +0 hat
rPois    .         Spirit   .   p - +4 amulet of reflection
rElec    .         Reflect  +   D - ring of the Octopus King {AC+1 EV+1 Str+1 Int+1 Dex+1 Stlth+}
rCorr    .         Harm     .   (no ring)
MR       .....                  (no ring)
Stlth    ++++......             (no ring)
Regen    0.2/turn               (no ring)
MPRegen  0.2/turn               (no ring)
                                (no ring)
                                (no ring)

@: about to teleport, divine energy
A: almost no armour, stealthy swim, amphibious, 8 rings, constrict 8, camouflage
1, gelatinous body 1
a: Stop Divine Energy, Renounce Religion


You were in a bailey.
You worshipped Sif Muna.
Sif Muna was pleased with you.
You were not hungry.

You visited 2 branches of the dungeon, and saw 9 of its levels.
You also visited: Bailey.

You collected 299 gold pieces.

Inventory:

Hand Weapons
 e - a +0 dagger
 g - a +1 dagger of freezing
 l - a +4 dagger of draining
 t - a +0 rapier
 A - a +0 flail of venom
 G - the +11 spear of Risk Management (weapon) {holy, Dex+2}
   (You found it on level 7 of the Dungeon)

   It has been blessed by the Shining One to cause great damage to the undead
   and demons.
   It affects your dexterity (+2).
 H - a +1 dagger of venom
Missiles
 d - 4 silver tomahawks
 K - 7 tomahawks of returning (quivered)
Armour
 a - a +0 hat (worn)
Jewellery
 n - a cursed -2 ring of strength
 p - a +4 amulet of reflection (around mantle)
 D - a ring of the Octopus King (left tentacle) {AC+1 EV+1 Str+1 Int+1 Dex+1 Stlth+}
   (You found it on level 5 of the Dungeon)

   [ring of stealth]

   It affects your AC (+1).
   It affects your evasion (+1).
   It affects your strength (+1).
   It affects your intelligence (+1).
   It affects your dexterity (+1).
   It makes you more stealthy.
Wands
 j - a wand of confusion (22/48)
 E - a wand of acid (2/15)
Scrolls
 i - 2 scrolls of recharging {unknown}
 k - 2 scrolls of identify
 o - 3 scrolls of remove curse
 r - a scroll of teleportation
 s - a scroll of amnesia {unknown}
 w - a scroll of enchant weapon
 y - a scroll of random uselessness {unknown}
 B - a scroll of magic mapping {unknown}
 J - a scroll of fog {unknown}
Potions
 f - a potion of resistance {unknown}
 m - 2 potions of agility
 q - a potion of lignification
 x - a potion of magic
 C - a potion of brilliance
 F - a potion of heal wounds {unknown}
Books
 b - a book of Minor Magic

   Spells                             Type                      Level
   a - Magic Dart                     Conjuration                  1
   b - Blink                          Translocation                2
   c - Call Imp                       Summoning                    2
   d - Slow                           Hexes                        2
   e - Conjure Flame                  Conjuration/Fire             3
   f - Mephitic Cloud                 Conjuration/Poison/Air       3
 u - a book of Conjurations

   Spells                             Type                      Level
   a - Magic Dart                     Conjuration                  1
   b - Searing Ray                    Conjuration                  2
   c - Dazzling Spray                 Conjuration/Hexes            3
   d - Fulminant Prism                Conjuration/Hexes            4
   e - Force Lance                    Conjuration/Translocation    4
   f - Iskenderun's Mystic Blast      Conjuration                  4
 v - a book of Misfortune

   Spells                             Type                      Level
   a - Confusing Touch                Hexes                        1
   b - Confuse                        Hexes                        3
   c - Gell's Gravitas                Translocation                3
   d - Petrify                        Transmutation/Earth          4
   e - Metabolic Englaciation         Hexes/Ice                    5
   f - Yara's Violent Unravelling     Hexes/Transmutation          5
Comestibles
 c - 7 bread rations
 h - 7 royal jellies
 z - 3 meat rations


   Skills:
 - Level 3.0 Fighting
 - Level 2.0 Polearms
 - Level 2.0 Dodging
 - Level 2.9 Stealth
 + Level 7.9 Spellcasting
 * Level 10.7 Conjurations
 - Level 3.2 Summonings
 - Level 1.0 Translocations
 - Level 3.0 Poison Magic


You had 5 spell levels left.
You knew the following spells:

 Your Spells              Type           Power        Failure   Level  Hunger
a - Magic Dart            Conj           ####         1%          1    None
b - Call Imp              Summ           ####....     2%          2    None
c - Blink                 Tloc           N/A          6%          2    None
d - Mephitic Cloud        Conj/Pois/Air  ####....     2%          3    None
e - Dazzling Spray        Conj/Hex       #####.       1%          3    None
f - Iskenderun's Mystic   Conj           ######..     1%          4    ##.....
g - Force Lance           Conj/Tloc      #####...     5%          4    ##.....


Dungeon Overview and Level Annotations

Branches:
Dungeon (8/15)             Temple (1/1) D:6
   Lair: D:8-11

Altars:
Ashenzari
Cheibriados
Elyvilon
Fedhas
Gozag
Hepliaklqana
Kikubaaqudgha
Makhleb
Nemelex Xobeh
Okawaru
Qazlal
Ru
Sif Muna
Trog
Vehumet
Xom
Zin
The Shining One


Innate Abilities, Weirdness & Mutations

You cannot wear most types of armour.
You are very stealthy in the water. (Stealth+)
You are amphibious.
You can wear up to eight rings at the same time.
You can use your tentacles to constrict eight enemies at once.
Your skin changes colour to match your surroundings (Stealth+).
Your rubbery body absorbs attacks. (AC +1, EV +1)


Message History

You briefly lose access to your magic!
Aiming: Confuse (will waste charges)
Press: ? - help, Shift-Dir - straight line, f/p - orc knight
Aim: an orc knight, wielding a glaive of protection and wearing a chain mail (heavily wounded, chance to defeat MR: 28%)
The orc knight easily resists.
Evoking this partially-identified wand wasted a few charges.
The orc knight hits you from afar with a glaive of protection!!
Aiming: Confuse (will waste charges)
Press: ? - help, Shift-Dir - straight line, f/p - orc knight
Aim: an orc knight, wielding a glaive of protection and wearing a chain mail (heavily wounded, chance to defeat MR: 28%)
The orc knight easily resists.
Evoking this partially-identified wand wasted a few charges.
The orc knight hits you from afar with a glaive of protection!!
* * * LOW HITPOINT WARNING * * *
You see here 4 tomahawks of returning.
As you read the scroll labeled LOFIER TENOTI, it crumbles to dust.
You feel strangely unstable.
It was a scroll of teleportation.
You regain access to your magic.
The orc knight hits you from afar with a glaive of protection!!
You die...

▓▓▓▓▓
▓▓▓.(@▓▓▓
▓)▓.((▓)▓
▓▓▓.∩o▓▓▓
######(######
#...())((...#
#'###)))###'#
#...()§≈(.(^#
#'###≈)≈###'#
#...(≈.≈(...#


You could see an orc knight.

Vanquished Creatures
  2 two-headed ogres (D:8)
  2 dream sheep (D:5)
  A human (D:7)
  2 yaks (D:7)
  2 hogs (D:7)
  Menkaure (D:7)
  Duvessa (D:4)
  8 orc warriors
  A phantom (D:6)
  An ogre (D:5)
  2 centaurs
  Dowan (D:4)
  A scorpion (D:4)
  An electric eel (D:8)
  A crimson imp (D:7)
  2 jellies
  6 orc wizards
  A bullfrog skeleton (D:8)
  Jessica (D:2)
  An iguana (D:5)
  5 worker ants
  A worker ant zombie (D:6)
  Robin (D:4)
  4 gnolls (D:7)
  5 adders
  A shadow imp (D:6)
  8 oozes
  2 leopard geckos
  19 orcs
  6 bats
  4 giant cockroaches
  5 hobgoblins
  3 jackals (D:5)
  A ball python (D:3)
  3 frilled lizards
  29 goblins
  28 kobolds
  A quokka zombie (D:5)
  6 rats
  A fungus (D:2)
171 creatures vanquished.

Vanquished Creatures (collateral kills)
  Prince Ribbit (D:5)
  Sigmund (D:3)
  A necrophage (D:5)
  2 jellies (D:2)
  A worker ant zombie (D:6)
  4 oozes (D:2)
  A worm (D:3)
  2 orcs (D:6)
  A goblin (D:4)
  A jackal (D:5)
  A fungus (D:2)
16 creatures vanquished.

Vanquished Creatures (others)
  3 dream sheep (D:5)
  3 fungi (D:2)
  7 toadstools (D:2)
13 creatures vanquished.

Grand Total: 200 creatures vanquished

Notes
Turn   | Place    | Note
-------+----------+-------------------------------------------
     0 | D:1      | Folque the Octopode Wizard began the quest for the Orb.
     0 | D:1      | Reached XP level 1. HP: 11/11 MP: 4/4
   154 | D:1      | Reached skill level 1 in Fighting
   225 | D:1      | Reached XP level 2. HP: 18/18 MP: 3/6
   349 | D:1      | Reached XP level 3. HP: 24/24 MP: 4/7
   354 | D:1      | Learned a level 2 spell: Call Imp
   357 | D:1      | Learned a level 2 spell: Blink
   361 | D:1      | Learned a level 3 spell: Mephitic Cloud
   996 | D:2      | Noticed Jessica
  1009 | D:2      | Killed Jessica
  1009 | D:2      | Reached skill level 1 in Poison Magic
  1009 | D:2      | Reached XP level 4. HP: 20/29 MP: 2/9
  1369 | D:2      | Reached skill level 2 in Conjurations
  1369 | D:2      | Reached XP level 5. HP: 33/34 MP: 7/10
  1564 | D:3      | Found a faded altar of an unknown god.
  1968 | D:3      | Noticed Sigmund
  1986 | D:3      | Killed Sigmund
  1986 | D:3      | Reached skill level 3 in Conjurations
  1986 | D:3      | Reached XP level 6. HP: 39/39 MP: 5/12
  2254 | D:4      | Found a sacrificial altar of Ru.
  2269 | D:4      | Noticed Dowan
  2271 | D:4      | Noticed Duvessa
  2325 | D:4      | Killed Duvessa
  2589 | D:4      | Noticed Robin
  2657 | D:4      | Killed Robin
  2726 | D:4      | Killed Dowan
  2726 | D:4      | Reached skill level 4 in Conjurations
  2726 | D:4      | Reached XP level 7. HP: 46/46 MP: 7/13
  2789 | D:4      | Learned a level 3 spell: Dazzling Spray
  3032 | D:4      | Found a sparkling altar of Nemelex Xobeh.
  3132 | D:4      | Found a radiant altar of Vehumet.
  3163 | D:5      | Entered Level 5 of the Dungeon
  3882 | D:5      | Got a ring of the Octopus King
  3883 | D:5      | Identified a ring of the Octopus King {AC+1 EV+1 Str+1 Int+1 Dex+1 Stlth+} (You found it on level 5 of the Dungeon)
  3942 | D:5      | Reached skill level 5 in Spellcasting
  3942 | D:5      | Reached skill level 5 in Conjurations
  3950 | D:5      | Learned a level 4 spell: Iskenderun's Mystic Blast
  3959 | D:5      | Noticed Prince Ribbit
  3973 | D:5      | Killed Prince Ribbit
  3984 | D:5      | Found a blossoming altar of Fedhas.
  4080 | D:5      | Reached skill level 6 in Conjurations
  4080 | D:5      | Reached XP level 8. HP: 52/52 MP: 0/16
  4188 | D:5      | Found a shimmering altar of Xom.
  4188 | D:5      | Noticed a dream sheep
  4188 | D:5      | Noticed a dream sheep
  4188 | D:5      | Noticed a dream sheep
  4188 | D:5      | Noticed a dream sheep
  4188 | D:5      | Noticed a dream sheep
  4193 | D:5      | Killed a dream sheep
  4194 | D:5      | Killed a dream sheep
  4195 | D:5      | Killed a dream sheep
  4195 | D:5      | Killed a dream sheep
  4195 | D:5      | Killed a dream sheep
  4682 | D:6      | Found a staircase to the Ecumenical Temple.
  4740 | Temple   | Entered the Ecumenical Temple
  5302 | D:6      | Found a shattered altar of Ashenzari.
  5346 | D:6      | Reached skill level 7 in Conjurations
  5480 | D:6      | Found a bloodstained altar of Trog.
  5480 | D:6      | Found a snail-covered altar of Cheibriados.
  5504 | D:6      | Found a burning altar of Makhleb.
  5505 | D:6      | Found a glowing golden altar of the Shining One.
  5507 | D:6      | Found a deep blue altar of Sif Muna.
  5516 | D:6      | Became a worshipper of Sif Muna the Loreminder
  5600 | D:6      | Found a hazy altar of Hepliaklqana.
  5812 | D:7      | Noticed Menkaure
  5826 | D:7      | Killed Menkaure
  6051 | D:6      | Reached skill level 8 in Conjurations
  6258 | D:7      | Reached XP level 9. HP: 56/56 MP: 9/18
  6276 | D:7      | Learned a level 4 spell: Force Lance
  6354 | D:7      | Reached * piety under Sif Muna
  7168 | D:7      | Got a bone spear
  7169 | D:7      | Identified the +11 spear of Risk Management {holy, Dex+2} (You found it on level 7 of the Dungeon)
  7226 | D:7      | Reached skill level 1 in Polearms
  7239 | D:7      | Reached skill level 9 in Conjurations
  7463 | D:8      | Noticed a two-headed ogre
  7474 | D:8      | Noticed a two-headed ogre
  7507 | D:8      | Killed a two-headed ogre
  7507 | D:8      | Reached ** piety under Sif Muna
  7516 | D:8      | Killed a two-headed ogre
  7516 | D:8      | Reached skill level 10 in Conjurations
  7516 | D:8      | Reached XP level 10. HP: 63/63 MP: 0/21
  7690 | D:8      | Found a flagged portal.
  7704 | Bailey   | Entered a bailey
  8032 | Bailey   | Noticed an orc knight
  8428 | Bailey   | Annihilated by an orc knight

Skill      XL: |  1  2  3  4  5  6  7  8  9 |
---------------+----------------------------+-----
Fighting       | 1 2 3 |  3.0
Poison Magic   | 1 2 3 |  3.0
Conjurations   | 2 3 4 6 8 10 | 10.7
Spellcasting   | 4 5 6 7 |  7.9
Polearms       | 2 |  2.0
Summonings     | 3 |  3.2
Dodging        | |  2.0
Stealth        | |  2.9
Translocations | |  1.0

Action                   |  1- 3 |  4- 6 |  7- 9 | 10-12 || total
-------------------------+-------+-------+-------+-------++-------
Melee: Dagger            |    52 |    83 |   103 |       ||   238
       Unarmed           |     7 |       |       |       ||     7
       Tentacles         |    16 |     7 |    13 |     1 ||    37
       Constrict         |    13 |    22 |    32 |     6 ||    73
       Spear             |       |       |    32 |    33 ||    65
Throw: Tomahawk          |       |       |       |     2 ||     2
 Cast: Magic Dart        |     8 |       |     4 |     6 ||    18
       Mephitic Cloud    |     1 |    10 |    31 |     9 ||    51
       Call Imp          |       |    11 |    19 |     8 ||    38
       Blink             |       |       |    13 |     3 ||    16
       Iskenderun's Myst |       |       |    34 |    10 ||    44
       Dazzling Spray    |       |       |     5 |     2 ||     7
       Force Lance       |       |       |     1 |     7 ||     8
Invok: Divine Energy     |       |       |       |     1 ||     1
Evoke: Wand              |       |       |     3 |     2 ||     5
  Use: Scroll            |     3 |     1 |     8 |     2 ||    14
       Potion            |       |     2 |     2 |     2 ||     6
 Stab: Sleeping          |     6 |     1 |     2 |       ||     9
       Confused          |       |     3 |     6 |     4 ||    13
  Eat: Chunk             |       |     3 |    13 |     2 ||    18
       Bread ration      |       |     1 |     1 |       ||     2
       Fruit             |       |       |     1 |       ||     1
       Meat ration       |       |       |       |     1 ||     1
Armor: Skin              |     6 |     1 |     3 |     2 ||    12
Dodge: Dodged            |    28 |    35 |    26 |    27 ||   116
Block: Other             |       |     5 |     8 |     7 ||    20
       Reflection        |       |       |       |     5 ||     5
